Pick #1

Connor Bedard
Pick #2

Leo Carlsson
Pick #3

Adam Fantilli
Pick #4

Matvei Michkov
Pick #5

David Reinbacher
Pick #6

William Smith
Pick #7

Zachary Benson
Pick #8

Ryan Leonard
Pick #9

Gabriel Perreault
Pick #10

Axel Sandin-Pellika
Pick #11

Daniil But
Pick #12

Dalibor Dvorsky
Pick #13

Quentin Musty
Pick #14

Brayden Yager
Pick #15

Dmitry Simashev
Pick #16

Colby Barlow
Pick #17

Andrew Cristall
Pick #18

Easton Cowan
Pick #19

Jacob Fowler
Pick #20

Oliver Moore
Pick #21

Oliver Bonk
Pick #22

Tom Willander
Pick #23

Calum Ritchie
Pick #24

Tanner Molendyk
Pick #25

Gavin Brindley
Pick #26

Nate Danielson
Pick #27

Pick #28

Pick #29

Pick #30

Pick #31

Pick #32

Pick #33

Pick #34

Pick #35

Pick #36

Pick #37

Pick #38

Pick #39

Pick #40

Pick #41

Pick #42

Pick #43

Pick #44

Pick #45

Pick #46

Pick #47

Pick #48

Pick #49

Pick #50

Pick #51

Pick #52

Pick #53

Pick #54

Pick #55

Pick #56

Pick #57

Pick #58

Pick #59

Pick #60

Pick #61

Pick #62

Pick #63

Pick #64

Pick #65

Pick #66

Pick #67

Pick #68

Pick #69

Pick #70

Pick #71

Pick #72

Pick #73

Pick #74

Pick #75

Pick #76

Pick #77

Pick #78

Pick #79

Pick #80

Pick #81

Pick #82

Pick #83

Pick #84

Pick #85

Pick #86

Pick #87

Pick #88

Pick #89

Pick #90

Pick #91

Pick #92

Pick #93

Pick #94

Pick #95

Pick #96

Pick #97

Pick #98

Pick #99

Pick #100

Pick #101

Pick #102

Pick #103

Pick #104

Pick #105

Pick #106

Pick #107

Pick #108

Pick #109

Pick #110

Pick #111

Pick #112

Pick #113

Pick #114

Pick #115

Pick #116

Pick #117

Pick #118

Pick #119

Pick #120

Pick #121

Pick #122

Pick #123

Pick #124

Pick #125

Pick #126

Pick #127

Pick #128

Pick #129

Pick #130

Full Scoreboard »»

Devils vs Sabres

Created - February 10, 2024 at 11:07

Goals
1 2 3 T
Devils 1 0 0 1
Sabres 2 1 0 3
Shots
1 2 3 T
Devils 10 8 8 26
Sabres 14 13 17 44

GoalsPenalties
1st period
1. Sabres , Blake Coleman 19 (Arber Xhekaj 7, Mason Appleton 10) at 9:02
2. Sabres , Jonathan Drouin 13 (Brian Dumoulin 30, Mason McTavish 14) at 13:04
3. Devils , Mikhail Sergachev 11 (Dougie Hamilton 25, Sam Reinhart 33) at 17:58 (PP)
Travis Konecny (NJD) for Hooking (Minor) at 2:19
Kaedan Korczak (BUF) for Hooking (Minor) at 17:42
Justin Schultz (NJD) for Tripping (Minor) at 18:40
2nd period
4. Sabres , Jake Neighbours 4 (Brian Dumoulin 31, Blake Coleman 17) at 0:06 (PP)
Dylan Cozens (NJD) for Slashing (Minor) at 6:32
3rd period
No Goal
Mason Appleton (BUF) for Tripping (Minor) at 6:10
Justin Schultz (NJD) for Hooking (Minor) at 8:52
Nino Niederreiter (NJD) for Holding (Minor) at 11:19
Chris Kreider (NJD) for Interference (Minor) at 14:52
Goalie Stats
Andrei Vasilevskiy (NJD), 41 saves from 44 shots - (0.932), L, 18-8-7, 60:00 minutes
Matt Murray (BUF), 25 saves from 26 shots - (0.962), W, 7-12-1, 60:00 minutes
3 StarsOfficial
1 - Blake Coleman (BUF)
2 - Brian Dumoulin (BUF)
3 - Matt Murray (BUF)
Referees : Ghislain Hebert and Conor O'Donnell
Linesman : Brad Kovachik and Ryan Gibbons
Game Note
No Game Note
Finance
Level 1 -- Attendance: 5648 (86.89%) -- Ticket Income $672,112
Level 2 -- Attendance: 3977 (79.54%) -- Ticket Income $393,723
Level 3 -- Attendance: 3354 (95.83%) -- Ticket Income $231,426
Level 4 -- Attendance: 2432 (79.22%) -- Ticket Income $119,168
Luxury Box -- Attendance: 937 (93.70%) -- Ticket Income $195,833
Game was played at the Buffalo Pete Center.
Total Attendance: 16348 (85.73%)
Total Ticket Income: $1,612,262
Other Income: $403,066
Total Income: $2,015,328



Team Name Goals Shots Shots Attemp Shots Blocked PIM HIT PP PK FO%
Devils 126481312151 / 2 (50%)152%
Sabres 3448054191 / 6 (17%)148%

Devils
Player Name POS G A P +/- PIM HIT SHT SB MP PP MP PP SHT PK MP PK SHT FO% FOT
Chris KreiderLW000-1223025:221:1225:55050% 20
Damon SeversonD000-1021322:220:5614:5500% 0
Dominik KubalikLW000000005:450:0000:3500% 0
Dougie HamiltonD011-1003226:171:1906:2600% 0
Dylan CozensC0000220312:550:0000:0300% 1
Erik GustafssonD000-1010022:220:5604:5500% 0
Evgeni MalkinC000-1001120:101:0303:41059% 22
Justin SchultzD0000410111:190:0000:0000% 0
Kyle OkposoRW0000010011:100:0000:00075% 4
Mathieu JosephRW000000105:100:0000:000100% 1
Matt BoldyLW000-1004016:291:0300:00050% 2
Mike HoffmanLW000001209:330:0000:0000% 1
Mikhail SergachevD101-1021226:171:1916:2600% 0
Nicklas BackstromC0000012011:470:0002:14038% 16
Nino NiederreiterRW000-1201016:281:0300:000100% 1
Sam ReinhartC011-1006025:061:1217:39158% 19
Travis KonecnyRW000-1221120:011:1202:3500% 1
Urho VaakanainenD000000000:000:0000:0000% 0
Sabres
Player Name POS G A P +/- PIM HIT SHT SB MP PP MP PP SHT PK MP PK SHT FO% FOT
Arber XhekajD0112032020:384:5811:1600% 0
Blake ColemanC1121023020:285:5210:00052% 27
Brenden DillonD0000022118:250:2800:0000% 0
Brett HowdenC000000004:290:0000:51057% 7
Brian DumoulinD0222003023:035:0630:0000% 0
Colin WhiteC000000109:305:5200:000100% 2
Jake NeighboursLW1010025020:015:5220:000100% 1
Jansen HarkinsC0000003116:010:2801:24043% 21
Jesper FastRW0001031115:080:1600:510100% 1
Jonathan DrouinLW1011001019:025:0100:00050% 2
Juraj SlafkovskyLW0001016119:495:1330:0000% 0
Kaedan KorczakD0000224115:210:2000:5900% 0
Mason AppletonC0111202014:350:0000:0000% 0
Mason McTavishC0111013019:025:0120:00032% 25
Milan LucicLW000000204:060:2810:000100% 1
Philippe MyersD0000003021:355:5511:1600% 0
Victor SoderstromD0000012020:575:5520:5900% 0
Zach SanfordLW0000021015:330:0001:240100% 1



Play-by-Play

1st period


0:01 of 1st period - Chris Kreider wins face-off versus Mason McTavish in neutral zone.
0:01 of 1st period - Chris Kreider is hit by Jesper Fast.
0:19 of 1st period - Shot by Jesper Fast.
0:19 of 1st period - Stopped by Andrei Vasilevskiy without a rebound.
0:20 of 1st period - Blake Coleman wins face-off versus Evgeni Malkin in Devils zone.
0:23 of 1st period - Shot by Brenden Dillon.
0:23 of 1st period - Stopped by Andrei Vasilevskiy without a rebound.
0:24 of 1st period - Jansen Harkins wins face-off versus Mike Hoffman in Devils zone.
0:41 of 1st period - Shot by Dylan Cozens.
0:41 of 1st period - Shot Misses the Net.
0:52 of 1st period - Icing by Justin Schultz.
0:53 of 1st period - Nicklas Backstrom wins face-off versus Blake Coleman in Devils zone.
1:04 of 1st period - Shot by Mike Hoffman.
1:04 of 1st period - Stopped by Matt Murray with a rebound.
1:06 of 1st period - Shot by Dylan Cozens.
1:06 of 1st period - Shot Misses the Net.
1:08 of 1st period - Shot by Nicklas Backstrom.
1:08 of 1st period - Stopped by Matt Murray without a rebound.
1:09 of 1st period - Brett Howden wins face-off versus Evgeni Malkin in Sabres zone.
1:20 of 1st period - Shot by Milan Lucic.
1:20 of 1st period - Shot Misses the Net.
1:22 of 1st period - Shot by Arber Xhekaj.
1:22 of 1st period - Shot Blocked by Damon Severson.
1:24 of 1st period - Shot by Arber Xhekaj.
1:24 of 1st period - Stopped by Andrei Vasilevskiy without a rebound.
1:25 of 1st period - Mason McTavish wins face-off versus Travis Konecny in Devils zone.
2:19 of 1st period - Minor Penalty to Travis Konecny for Hooking.
2:20 of 1st period - Blake Coleman wins face-off versus Nicklas Backstrom in Devils zone.
2:23 of 1st period - Shot by Brian Dumoulin.
2:23 of 1st period - Stopped by Andrei Vasilevskiy without a rebound.
2:24 of 1st period - Colin White wins face-off versus Chris Kreider in Devils zone.
2:49 of 1st period - Shot by Brian Dumoulin.
2:49 of 1st period - Shot Blocked by Damon Severson.
2:51 of 1st period - Shot by Arber Xhekaj.
2:51 of 1st period - Shot Misses the Net.
2:53 of 1st period - Shot by Jake Neighbours.
2:53 of 1st period - Stopped by Andrei Vasilevskiy with a rebound.
3:05 of 1st period - Shot by Brian Dumoulin.
3:05 of 1st period - Shot Blocked by Damon Severson.
3:45 of 1st period - Shot by Jonathan Drouin.
3:45 of 1st period - Shot Blocked by Evgeni Malkin.
4:08 of 1st period - Icing by Arber Xhekaj.
4:09 of 1st period - Nicklas Backstrom wins face-off versus Blake Coleman in Sabres zone.
4:27 of 1st period - Off-side.
4:28 of 1st period - Nicklas Backstrom wins face-off versus Brett Howden in neutral zone.
6:36 of 1st period - Shot by Philippe Myers.
6:36 of 1st period - Shot Misses the Net.
6:48 of 1st period - Shot by Zach Sanford.
6:48 of 1st period - Stopped by Andrei Vasilevskiy without a rebound.
6:49 of 1st period - Kyle Okposo wins face-off versus Mason McTavish in Devils zone.
6:49 of 1st period - Kyle Okposo is hit by Jesper Fast.
7:31 of 1st period - Off-side.
7:32 of 1st period - Matt Boldy wins face-off versus Jansen Harkins in neutral zone.
7:47 of 1st period - Shot by Evgeni Malkin.
7:47 of 1st period - Shot Misses the Net.
8:06 of 1st period - Evgeni Malkin is hit by Brenden Dillon and loses puck.
8:15 of 1st period - Shot by Matt Boldy.
8:15 of 1st period - Stopped by Matt Murray with a rebound.
8:27 of 1st period - Shot by Sam Reinhart.
8:27 of 1st period - Stopped by Matt Murray without a rebound.
8:28 of 1st period - Blake Coleman wins face-off versus Sam Reinhart in Sabres zone.
8:58 of 1st period - Shot by Mason Appleton.
8:58 of 1st period - Shot Misses the Net.
9:00 of 1st period - Shot by Arber Xhekaj.
9:00 of 1st period - Shot Blocked by Dougie Hamilton.
9:02 of 1st period - Shot by Blake Coleman.
9:02 of 1st period - Goal by Blake Coleman - Devils : 0 - Sabres : 1.
9:03 of 1st period - Mason McTavish wins face-off versus Nicklas Backstrom in neutral zone.
9:08 of 1st period - Shot by Mason McTavish.
9:08 of 1st period - Shot Blocked by Dylan Cozens.
9:10 of 1st period - Shot by Mason McTavish.
9:10 of 1st period - Stopped by Andrei Vasilevskiy without a rebound.
9:11 of 1st period - Jesper Fast wins face-off versus Evgeni Malkin in Devils zone.
9:20 of 1st period - Shot by Matt Boldy.
9:20 of 1st period - Stopped by Matt Murray without a rebound.
9:21 of 1st period - Sam Reinhart wins face-off versus Jansen Harkins in Sabres zone.
9:27 of 1st period - Travis Konecny is hit by Arber Xhekaj and loses puck.
9:46 of 1st period - Shot by Arber Xhekaj.
9:46 of 1st period - Shot Blocked by Dougie Hamilton.
10:32 of 1st period - Shot by Blake Coleman.
10:32 of 1st period - Stopped by Andrei Vasilevskiy with a rebound.
10:34 of 1st period - Shot by Juraj Slafkovsky.
10:34 of 1st period - Shot Misses the Net.
10:36 of 1st period - Shot by Juraj Slafkovsky.
10:36 of 1st period - Stopped by Andrei Vasilevskiy without a rebound.
10:37 of 1st period - Mason McTavish wins face-off versus Nicklas Backstrom in Devils zone.
10:41 of 1st period - Jesper Fast is hit by Dylan Cozens and loses puck.
11:06 of 1st period - Icing by Dylan Cozens.
11:07 of 1st period - Blake Coleman wins face-off versus Nicklas Backstrom in Devils zone.
11:54 of 1st period - Shot by Nino Niederreiter.
11:54 of 1st period - Shot Misses the Net.
11:57 of 1st period - Icing by Victor Soderstrom.
11:58 of 1st period - Sam Reinhart wins face-off versus Blake Coleman in Sabres zone.
13:04 of 1st period - Shot by Jonathan Drouin.
13:04 of 1st period - Goal by Jonathan Drouin - Devils : 0 - Sabres : 2.
13:05 of 1st period - Jansen Harkins wins face-off versus Kyle Okposo in neutral zone.
13:10 of 1st period - Shot by Jansen Harkins.
13:10 of 1st period - Stopped by Andrei Vasilevskiy without a rebound.
13:11 of 1st period - Jansen Harkins wins face-off versus Matt Boldy in Devils zone.
13:32 of 1st period - Shot by Zach Sanford.
13:32 of 1st period - Shot Misses the Net.
13:38 of 1st period - Shot by Jansen Harkins.
13:38 of 1st period - Shot Misses the Net.
14:20 of 1st period - Shot by Dougie Hamilton.
14:20 of 1st period - Shot Misses the Net.
14:22 of 1st period - Shot by Dougie Hamilton.
14:22 of 1st period - Stopped by Matt Murray without a rebound.
14:23 of 1st period - Mason McTavish wins face-off versus Chris Kreider in Sabres zone.
14:31 of 1st period - Icing by Mathieu Joseph.
14:32 of 1st period - Chris Kreider wins face-off versus Mason McTavish in Devils zone.
14:32 of 1st period - Chris Kreider is hit by Mason McTavish.
14:42 of 1st period - Shot by Chris Kreider.
14:42 of 1st period - Shot Blocked by Jesper Fast.
15:02 of 1st period - Shot by Mathieu Joseph.
15:02 of 1st period - Stopped by Matt Murray with a rebound.
15:36 of 1st period - Nino Niederreiter is hit by Kaedan Korczak and loses puck.
15:48 of 1st period - Off-side.
15:49 of 1st period - Brett Howden wins face-off versus Nicklas Backstrom in neutral zone.
16:06 of 1st period - Shot by Colin White.
16:06 of 1st period - Stopped by Andrei Vasilevskiy with a rebound.
16:20 of 1st period - Shot by Nicklas Backstrom.
16:20 of 1st period - Stopped by Matt Murray without a rebound.
16:21 of 1st period - Nino Niederreiter wins face-off versus Blake Coleman in Sabres zone.
16:21 of 1st period - Nino Niederreiter is hit by Kaedan Korczak.
16:29 of 1st period - Shot by Nino Niederreiter.
16:29 of 1st period - Stopped by Matt Murray with a rebound.
17:38 of 1st period - Travis Konecny is hit by Victor Soderstrom and loses puck.
17:42 of 1st period - Minor Penalty to Kaedan Korczak for Hooking.
17:43 of 1st period - Chris Kreider wins face-off versus Jansen Harkins in Sabres zone.
17:54 of 1st period - Shot by Mikhail Sergachev.
17:54 of 1st period - Shot Misses the Net.
17:56 of 1st period - Shot by Dougie Hamilton.
17:56 of 1st period - Shot Misses the Net.
17:58 of 1st period - Shot by Mikhail Sergachev.
17:58 of 1st period - Goal by Mikhail Sergachev - Devils : 1 - Sabres : 2.
17:59 of 1st period - Nicklas Backstrom wins face-off versus Mason McTavish in neutral zone.
17:59 of 1st period - Mike Hoffman is hit by Jesper Fast and loses puck.
18:06 of 1st period - Icing by Kyle Okposo.
18:07 of 1st period - Kyle Okposo wins face-off versus Jansen Harkins in Devils zone.
18:07 of 1st period - Kyle Okposo is hit by Zach Sanford.
18:29 of 1st period - Shot by Jansen Harkins.
18:29 of 1st period - Deflect By Jake Neighbours.
18:29 of 1st period - Shot Blocked by Dylan Cozens.
18:40 of 1st period - Minor Penalty to Justin Schultz for Tripping.
18:41 of 1st period - Mason McTavish wins face-off versus Sam Reinhart in Devils zone.
18:42 of 1st period - Shot by Victor Soderstrom.
18:42 of 1st period - Shot Blocked by Mikhail Sergachev.
18:44 of 1st period - Shot by Juraj Slafkovsky.
18:44 of 1st period - Stopped by Andrei Vasilevskiy without a rebound.
18:45 of 1st period - Chris Kreider wins face-off versus Mason McTavish in Devils zone.
18:53 of 1st period - Philippe Myers is hit by Mikhail Sergachev and loses puck.
19:16 of 1st period - Shot by Jonathan Drouin.
19:16 of 1st period - Shot Misses the Net.
19:56 of 1st period - Blake Coleman is hit by Damon Severson and loses puck.
Goals for this period are 1 for Devils vs 2 for Sabres.
Shots for this period are 10 for Devils vs 14 for Sabres.

2nd period


0:01 of 2nd period - Colin White wins face-off versus Chris Kreider in neutral zone.
0:06 of 2nd period - Shot by Jake Neighbours.
0:06 of 2nd period - Goal by Jake Neighbours - Devils : 1 - Sabres : 3.
0:07 of 2nd period - Zach Sanford wins face-off versus Sam Reinhart in neutral zone.
0:28 of 2nd period - Shot by Jansen Harkins.
0:28 of 2nd period - Stopped by Andrei Vasilevskiy without a rebound.
0:29 of 2nd period - Evgeni Malkin wins face-off versus Jonathan Drouin in Devils zone.
1:24 of 2nd period - Icing by Jesper Fast.
1:25 of 2nd period - Sam Reinhart wins face-off versus Mason McTavish in Sabres zone.
1:45 of 2nd period - Icing by Mikhail Sergachev.
1:46 of 2nd period - Jansen Harkins wins face-off versus Sam Reinhart in Devils zone.
1:53 of 2nd period - Shot by Jansen Harkins.
1:53 of 2nd period - Stopped by Andrei Vasilevskiy with a rebound.
2:01 of 2nd period - Shot by Zach Sanford.
2:01 of 2nd period - Deflect By Jake Neighbours.
2:01 of 2nd period - Stopped by Andrei Vasilevskiy without a rebound.
2:02 of 2nd period - Blake Coleman wins face-off versus Nicklas Backstrom in Devils zone.
2:25 of 2nd period - Shot by Mason Appleton.
2:25 of 2nd period - Deflect By Juraj Slafkovsky.
2:25 of 2nd period - Stopped by Andrei Vasilevskiy without a rebound.
2:26 of 2nd period - Sam Reinhart wins face-off versus Jansen Harkins in Devils zone.
3:00 of 2nd period - Shot by Sam Reinhart.
3:00 of 2nd period - Stopped by Matt Murray without a rebound.
3:01 of 2nd period - Blake Coleman wins face-off versus Evgeni Malkin in Sabres zone.
3:18 of 2nd period - Shot by Juraj Slafkovsky.
3:18 of 2nd period - Shot Misses the Net.
3:26 of 2nd period - Shot by Evgeni Malkin.
3:26 of 2nd period - Shot Misses the Net.
3:34 of 2nd period - Shot by Nino Niederreiter.
3:34 of 2nd period - Shot Misses the Net.
3:36 of 2nd period - Shot by Damon Severson.
3:36 of 2nd period - Shot Misses the Net.
3:53 of 2nd period - Icing by Kaedan Korczak.
3:54 of 2nd period - Blake Coleman wins face-off versus Sam Reinhart in Sabres zone.
3:56 of 2nd period - Kaedan Korczak is hit by Travis Konecny and loses puck.
4:23 of 2nd period - Brian Dumoulin is hit by Chris Kreider and loses puck.
5:18 of 2nd period - Shot by Mike Hoffman.
5:18 of 2nd period - Shot Misses the Net.
6:32 of 2nd period - Minor Penalty to Dylan Cozens for Slashing.
6:33 of 2nd period - Blake Coleman wins face-off versus Chris Kreider in Devils zone.
7:01 of 2nd period - Shot by Jake Neighbours.
7:01 of 2nd period - Deflect By Blake Coleman.
7:01 of 2nd period - Stopped by Andrei Vasilevskiy without a rebound.
7:02 of 2nd period - Blake Coleman wins face-off versus Chris Kreider in Devils zone.
7:25 of 2nd period - Shot by Victor Soderstrom.
7:25 of 2nd period - Stopped by Andrei Vasilevskiy without a rebound.
7:26 of 2nd period - Blake Coleman wins face-off versus Evgeni Malkin in Devils zone.
7:27 of 2nd period - Shot by Jake Neighbours.
7:27 of 2nd period - Shot Blocked by Travis Konecny.
8:19 of 2nd period - Shot by Kaedan Korczak.
8:19 of 2nd period - Deflect By Milan Lucic.
8:19 of 2nd period - Stopped by Andrei Vasilevskiy without a rebound.
8:20 of 2nd period - Jansen Harkins wins face-off versus Chris Kreider in Devils zone.
8:25 of 2nd period - Shot by Juraj Slafkovsky.
8:25 of 2nd period - Shot Misses the Net.
8:27 of 2nd period - Shot by Juraj Slafkovsky.
8:27 of 2nd period - Stopped by Andrei Vasilevskiy without a rebound.
8:28 of 2nd period - Mason McTavish wins face-off versus Chris Kreider in Devils zone.
9:05 of 2nd period - Shot by Mike Hoffman.
9:05 of 2nd period - Shot Misses the Net.
10:11 of 2nd period - Shot by Blake Coleman.
10:11 of 2nd period - Shot Misses the Net.
10:21 of 2nd period - Brenden Dillon is hit by Travis Konecny and loses puck.
10:28 of 2nd period - Shot by Philippe Myers.
10:28 of 2nd period - Stopped by Andrei Vasilevskiy without a rebound.
10:29 of 2nd period - Evgeni Malkin wins face-off versus Mason McTavish in Devils zone.
10:44 of 2nd period - Shot by Nino Niederreiter.
10:44 of 2nd period - Shot Misses the Net.
12:55 of 2nd period - Icing by Mikhail Sergachev.
12:56 of 2nd period - Jansen Harkins wins face-off versus Dylan Cozens in Devils zone.
13:22 of 2nd period - Shot by Chris Kreider.
13:22 of 2nd period - Shot Blocked by Kaedan Korczak.
13:29 of 2nd period - Shot by Sam Reinhart.
13:29 of 2nd period - Stopped by Matt Murray without a rebound.
13:30 of 2nd period - Evgeni Malkin wins face-off versus Brett Howden in Sabres zone.
14:04 of 2nd period - Shot by Matt Boldy.
14:04 of 2nd period - Stopped by Matt Murray with a rebound.
14:14 of 2nd period - Shot by Sam Reinhart.
14:14 of 2nd period - Stopped by Matt Murray without a rebound.
14:15 of 2nd period - Sam Reinhart wins face-off versus Jansen Harkins in Sabres zone.
15:38 of 2nd period - Shot by Mason Appleton.
15:38 of 2nd period - Stopped by Andrei Vasilevskiy without a rebound.
15:39 of 2nd period - Evgeni Malkin wins face-off versus Brett Howden in Devils zone.
16:31 of 2nd period - Nino Niederreiter is hit by Blake Coleman and loses puck.
16:50 of 2nd period - Shot by Mason Appleton.
16:50 of 2nd period - Stopped by Andrei Vasilevskiy without a rebound.
16:51 of 2nd period - Sam Reinhart wins face-off versus Jansen Harkins in Devils zone.
16:59 of 2nd period - Victor Soderstrom is hit by Chris Kreider and loses puck.
17:03 of 2nd period - Zach Sanford is hit by Damon Severson and loses puck.
18:07 of 2nd period - Off-side.
18:08 of 2nd period - Kyle Okposo wins face-off versus Mason McTavish in neutral zone.
18:11 of 2nd period - Brenden Dillon is hit by Kyle Okposo and loses puck.
18:18 of 2nd period - Shot by Jesper Fast.
18:18 of 2nd period - Shot Blocked by Justin Schultz.
18:20 of 2nd period - Shot by Jesper Fast.
18:20 of 2nd period - Shot Blocked by Dylan Cozens.
18:32 of 2nd period - Shot by Jonathan Drouin.
18:32 of 2nd period - Deflect By Mason McTavish.
18:32 of 2nd period - Shot Misses the Net.
18:34 of 2nd period - Shot by Brenden Dillon.
18:34 of 2nd period - Stopped by Andrei Vasilevskiy without a rebound.
18:35 of 2nd period - Evgeni Malkin wins face-off versus Blake Coleman in Devils zone.
18:35 of 2nd period - Dougie Hamilton is hit by Juraj Slafkovsky and loses puck.
18:51 of 2nd period - Shot by Matt Boldy.
18:51 of 2nd period - Stopped by Matt Murray with a rebound.
18:53 of 2nd period - Shot by Dougie Hamilton.
18:53 of 2nd period - Stopped by Matt Murray without a rebound.
18:54 of 2nd period - Jansen Harkins wins face-off versus Nicklas Backstrom in Sabres zone.
19:07 of 2nd period - Shot by Mike Hoffman.
19:07 of 2nd period - Stopped by Matt Murray without a rebound.
19:08 of 2nd period - Sam Reinhart wins face-off versus Blake Coleman in Sabres zone.
19:15 of 2nd period - Shot by Chris Kreider.
19:15 of 2nd period - Stopped by Matt Murray without a rebound.
19:16 of 2nd period - Sam Reinhart wins face-off versus Jansen Harkins in Sabres zone.
19:35 of 2nd period - Shot by Travis Konecny.
19:35 of 2nd period - Shot Blocked by Brenden Dillon.
Goals for this period are 0 for Devils vs 1 for Sabres.
Shots for this period are 8 for Devils vs 13 for Sabres.

3rd period


0:01 of 3rd period - Sam Reinhart wins face-off versus Mason McTavish in neutral zone.
0:12 of 3rd period - Shot by Travis Konecny.
0:12 of 3rd period - Stopped by Matt Murray without a rebound.
0:13 of 3rd period - Blake Coleman wins face-off versus Evgeni Malkin in Sabres zone.
0:26 of 3rd period - Shot by Matt Boldy.
0:26 of 3rd period - Shot Blocked by Juraj Slafkovsky.
0:28 of 3rd period - Shot by Erik Gustafsson.
0:28 of 3rd period - Deflect By Evgeni Malkin.
0:28 of 3rd period - Shot Misses the Net.
0:32 of 3rd period - Shot by Matt Boldy.
0:32 of 3rd period - Shot Misses the Net.
0:34 of 3rd period - Shot by Evgeni Malkin.
0:34 of 3rd period - Stopped by Matt Murray without a rebound.
0:35 of 3rd period - Jansen Harkins wins face-off versus Sam Reinhart in Sabres zone.
0:48 of 3rd period - Shot by Philippe Myers.
0:48 of 3rd period - Stopped by Andrei Vasilevskiy without a rebound.
0:49 of 3rd period - Evgeni Malkin wins face-off versus Mason McTavish in Devils zone.
2:25 of 3rd period - Shot by Brenden Dillon.
2:25 of 3rd period - Shot Misses the Net.
2:27 of 3rd period - Shot by Jansen Harkins.
2:27 of 3rd period - Deflect By Zach Sanford.
2:27 of 3rd period - Shot Misses the Net.
2:57 of 3rd period - Shot by Nicklas Backstrom.
2:57 of 3rd period - Shot Misses the Net.
3:09 of 3rd period - Shot by Kaedan Korczak.
3:09 of 3rd period - Stopped by Andrei Vasilevskiy without a rebound.
3:10 of 3rd period - Milan Lucic wins face-off versus Evgeni Malkin in Devils zone.
3:10 of 3rd period - Milan Lucic is hit by Erik Gustafsson.
3:14 of 3rd period - Shot by Kaedan Korczak.
3:14 of 3rd period - Stopped by Andrei Vasilevskiy without a rebound.
3:15 of 3rd period - Evgeni Malkin wins face-off versus Blake Coleman in Devils zone.
3:40 of 3rd period - Shot by Blake Coleman.
3:40 of 3rd period - Shot Misses the Net.
3:42 of 3rd period - Shot by Kaedan Korczak.
3:42 of 3rd period - Stopped by Andrei Vasilevskiy without a rebound.
3:43 of 3rd period - Chris Kreider wins face-off versus Jansen Harkins in Devils zone.
3:49 of 3rd period - Dylan Cozens is hit by Brenden Dillon and loses puck.
4:06 of 3rd period - Shot by Jake Neighbours.
4:06 of 3rd period - Stopped by Andrei Vasilevskiy without a rebound.
4:07 of 3rd period - Evgeni Malkin wins face-off versus Blake Coleman in Devils zone.
4:32 of 3rd period - Shot by Juraj Slafkovsky.
4:32 of 3rd period - Stopped by Andrei Vasilevskiy with a rebound.
4:34 of 3rd period - Shot by Kaedan Korczak.
4:34 of 3rd period - Stopped by Andrei Vasilevskiy without a rebound.
4:35 of 3rd period - Sam Reinhart wins face-off versus Mason McTavish in Devils zone.
4:37 of 3rd period - Icing by Erik Gustafsson.
4:38 of 3rd period - Jansen Harkins wins face-off versus Sam Reinhart in Devils zone.
5:01 of 3rd period - Shot by Travis Konecny.
5:01 of 3rd period - Shot Misses the Net.
6:09 of 3rd period - Off-side.
6:10 of 3rd period - Evgeni Malkin wins face-off versus Blake Coleman in neutral zone.
6:10 of 3rd period - Minor Penalty to Mason Appleton for Tripping.
6:11 of 3rd period - Evgeni Malkin wins face-off versus Jansen Harkins in Sabres zone.
7:25 of 3rd period - Shot by Sam Reinhart.
7:25 of 3rd period - Deflect By Chris Kreider.
7:25 of 3rd period - Stopped by Matt Murray without a rebound.
7:26 of 3rd period - Brett Howden wins face-off versus Sam Reinhart in Sabres zone.
8:05 of 3rd period - Shot by Damon Severson.
8:05 of 3rd period - Stopped by Matt Murray with a rebound.
8:07 of 3rd period - Shot by Chris Kreider.
8:07 of 3rd period - Stopped by Matt Murray with a rebound.
8:09 of 3rd period - Shot by Sam Reinhart.
8:09 of 3rd period - Stopped by Matt Murray without a rebound.
8:10 of 3rd period - Blake Coleman wins face-off versus Nicklas Backstrom in Sabres zone.
8:10 of 3rd period - Juraj Slafkovsky is hit by Mike Hoffman and loses puck.
8:24 of 3rd period - Blake Coleman is hit by Justin Schultz and loses puck.
8:42 of 3rd period - Mason Appleton is hit by Dylan Cozens and loses puck.
8:47 of 3rd period - Shot by Mason Appleton.
8:47 of 3rd period - Deflect By Juraj Slafkovsky.
8:47 of 3rd period - Shot Misses the Net.
8:52 of 3rd period - Minor Penalty to Justin Schultz for Hooking.
8:53 of 3rd period - Blake Coleman wins face-off versus Chris Kreider in Devils zone.
9:13 of 3rd period - Off-side.
9:14 of 3rd period - Chris Kreider wins face-off versus Mason McTavish in neutral zone.
9:44 of 3rd period - Shot by Arber Xhekaj.
9:44 of 3rd period - Shot Blocked by Mikhail Sergachev.
9:46 of 3rd period - Shot by Mason McTavish.
9:46 of 3rd period - Deflect By Juraj Slafkovsky.
9:46 of 3rd period - Stopped by Andrei Vasilevskiy with a rebound.
9:50 of 3rd period - Shot by Mason McTavish.
9:50 of 3rd period - Stopped by Andrei Vasilevskiy without a rebound.
9:51 of 3rd period - Chris Kreider wins face-off versus Blake Coleman in Devils zone.
10:20 of 3rd period - Shot by Victor Soderstrom.
10:20 of 3rd period - Stopped by Andrei Vasilevskiy without a rebound.
10:21 of 3rd period - Mason McTavish wins face-off versus Chris Kreider in Devils zone.
10:57 of 3rd period - Off-side.
10:58 of 3rd period - Brett Howden wins face-off versus Evgeni Malkin in neutral zone.
11:12 of 3rd period - Shot by Milan Lucic.
11:12 of 3rd period - Shot Misses the Net.
11:14 of 3rd period - Shot by Milan Lucic.
11:14 of 3rd period - Stopped by Andrei Vasilevskiy with a rebound.
11:19 of 3rd period - Minor Penalty to Nino Niederreiter for Holding.
11:20 of 3rd period - Chris Kreider wins face-off versus Blake Coleman in Devils zone.
11:29 of 3rd period - Sam Reinhart is hit by Jake Neighbours and loses puck.
11:42 of 3rd period - Damon Severson is hit by Blake Coleman and loses puck.
12:09 of 3rd period - Icing by Juraj Slafkovsky.
12:10 of 3rd period - Mason McTavish wins face-off versus Evgeni Malkin in Sabres zone.
12:19 of 3rd period - Shot by Philippe Myers.
12:19 of 3rd period - Stopped by Andrei Vasilevskiy without a rebound.
12:20 of 3rd period - Chris Kreider wins face-off versus Mason McTavish in Devils zone.
12:31 of 3rd period - Shot by Sam Reinhart.
12:31 of 3rd period - Stopped by Matt Murray without a rebound.
12:32 of 3rd period - Chris Kreider wins face-off versus Mason McTavish in Sabres zone.
12:50 of 3rd period - Off-side.
12:51 of 3rd period - Blake Coleman wins face-off versus Chris Kreider in neutral zone.
13:30 of 3rd period - Shot by Jesper Fast.
13:30 of 3rd period - Shot Misses the Net.
13:48 of 3rd period - Shot by Dougie Hamilton.
13:48 of 3rd period - Stopped by Matt Murray without a rebound.
13:49 of 3rd period - Evgeni Malkin wins face-off versus Blake Coleman in Sabres zone.
14:52 of 3rd period - Minor Penalty to Chris Kreider for Interference.
14:53 of 3rd period - Jonathan Drouin wins face-off versus Nicklas Backstrom in Devils zone.
15:08 of 3rd period - Shot by Brian Dumoulin.
15:08 of 3rd period - Stopped by Andrei Vasilevskiy without a rebound.
15:09 of 3rd period - Jake Neighbours wins face-off versus Nicklas Backstrom in Devils zone.
15:30 of 3rd period - Shot by Jake Neighbours.
15:30 of 3rd period - Shot Misses the Net.
15:32 of 3rd period - Shot by Brian Dumoulin.
15:32 of 3rd period - Shot Misses the Net.
15:34 of 3rd period - Shot by Brian Dumoulin.
15:34 of 3rd period - Stopped by Andrei Vasilevskiy without a rebound.
15:35 of 3rd period - Evgeni Malkin wins face-off versus Mason McTavish in Devils zone.
15:56 of 3rd period - Shot by Mason McTavish.
15:56 of 3rd period - Stopped by Andrei Vasilevskiy without a rebound.
15:57 of 3rd period - Nicklas Backstrom wins face-off versus Blake Coleman in Devils zone.
16:12 of 3rd period - Shot by Arber Xhekaj.
16:12 of 3rd period - Stopped by Andrei Vasilevskiy without a rebound.
16:13 of 3rd period - Nicklas Backstrom wins face-off versus Mason McTavish in Devils zone.
16:18 of 3rd period - Jonathan Drouin is hit by Nicklas Backstrom and loses puck.
16:55 of 3rd period - Shot by Jake Neighbours.
16:55 of 3rd period - Stopped by Andrei Vasilevskiy without a rebound.
16:56 of 3rd period - Mathieu Joseph wins face-off versus Jansen Harkins in Devils zone.
16:56 of 3rd period - Mathieu Joseph is hit by Zach Sanford.
17:13 of 3rd period - Mathieu Joseph is hit by Arber Xhekaj.
17:20 of 3rd period - Justin Schultz is hit by Jake Neighbours and loses puck.
17:27 of 3rd period - Icing by Brian Dumoulin.
17:28 of 3rd period - Evgeni Malkin wins face-off versus Jansen Harkins in Sabres zone.
17:28 of 3rd period - Mikhail Sergachev is hit by Arber Xhekaj and loses puck.
17:54 of 3rd period - Off-side.
17:55 of 3rd period - Sam Reinhart wins face-off versus Mason McTavish in neutral zone.
19:22 of 3rd period - Blake Coleman is hit by Mikhail Sergachev and loses puck.
19:25 of 3rd period - Shot by Blake Coleman.
19:25 of 3rd period - Shot Misses the Net.
19:27 of 3rd period - Shot by Blake Coleman.
19:27 of 3rd period - Shot Misses the Net.
19:43 of 3rd period - Shot by Dougie Hamilton.
19:43 of 3rd period - Shot Blocked by Jansen Harkins.
19:55 of 3rd period - Shot by Zach Sanford.
19:55 of 3rd period - Shot Misses the Net.
Goals for this period are 0 for Devils vs 0 for Sabres.
Shots for this period are 8 for Devils vs 17 for Sabres.